 Dungeon Crawl Stone Soup version 0.19.1 (webtiles) character file.

35 Lionyx the Grave Robber (level 3, -2/24 HPs)
             Began as a Demonspawn Necromancer on Dec 11, 2016.
             Slain by a kobold
             ... wielding a +0 short sword
              (4 damage)
             ... on level 3 of the Dungeon.
             The game lasted 00:07:32 (1247 turns).

Lionyx the Grave Robber (Demonspawn Necromancer)    Turns: 1247, Time: 00:07:34

Health: -2/24      AC:  2    Str:  8    XL:     3   Next: 16%
Magic:  1/6        EV: 12    Int: 16    God:
Gold:   63         SH:  0    Dex: 14    Spells: 2 memorised, 4 levels left

rFire  . . .     SeeInvis .     i - -2 whip (curse)
rCold  . . .     Gourm    .     a - +0 robe
rNeg   . . .     Faith    .     (no shield)
rPois  .         Spirit   .     (no helmet)
rElec  .         Reflect  .     (no cloak)
rCorr  .         Harm     .     (no gloves)
MR     .....     Rnd*Tele +     (no boots)
Stlth  ++........               (no amulet)
                                (no ring)
                                e - ring of teleportation (curse)

@: no status effects
A: claws 1, powered by pain 1
a: no special abilities


You were on level 3 of the Dungeon.
You were not hungry.

You visited 1 branch of the dungeon, and saw 3 of its levels.

You collected 63 gold pieces.

Inventory:

Hand Weapons
 d - a +0 dagger
 h - a +0 club
 i - a cursed -2 whip (weapon)
 l - a +4 whip
Armour
 a - a +0 robe (worn)
Jewellery
 e - a cursed ring of teleportation (left claw)
Scrolls
 f - a scroll of identify
Books
 b - a book of Necromancy

   Spells                             Type                      Level
   a - Pain                           Necromancy                   1
   b - Animate Skeleton               Necromancy                   1
   c - Vampiric Draining              Necromancy                   3
   d - Regeneration                   Charms/Necromancy            3
   e - Animate Dead                   Necromancy                   4
   f - Control Undead                 Necromancy                   4
Comestibles
 c - a bread ration
 g - 4 fruits
 j - 2 meat rations
 m - a slice of pizza


   Skills:
 + Level 0.2 Fighting
 + Level 0.5 Short Blades
 + Level 2.0 Dodging
 + Level 1.9 Stealth
 + Level 2.2 Spellcasting
 + Level 5.0 Necromancy


You had 4 spell levels left.
You knew the following spells:

 Your Spells              Type           Power        Failure   Level  Hunger
a - Pain                  Necr           ###.         2%          1    #......
b - Animate Skeleton      Necr           N/A          2%          1    #......


Dungeon Overview and Level Annotations

Branches:
Dungeon (3/15)

Altars:

Annotations:
D:3 Natasha


Innate Abilities, Weirdness & Mutations

You have sharp fingernails.
You sometimes gain a little power by taking damage.


Message History

Aiming: Pain
Press: ? - help, Shift-Dir - straight line, f/p - orc
Aim: an orc (moderately wounded, chance to defeat MR: 87%)
The orc writhes in agony!
You kill the orc!
Casting: Pain
Confirm with . or Enter, or press ? or * to list all spells.
You don't have enough magic to cast that spell.
There are monsters nearby!
There are monsters nearby!
The kobold hits you but does no damage.
The crimson imp blinks!
The kobold closely misses you.
You hit the orc but do no damage.
The white imp disappears in a puff of smoke!
The kobold closely misses you. The orc hits you.
* * * LOW HITPOINT WARNING * * *
Natasha wildly gestures.
Natasha shimmers violently.
The kobold hits you with a short sword.
You die...

#......###
#........#
#5## #).#
##†# #h#
#o# #o##
#@K#
##.###
#...#
#####


You could see Natasha, a crimson imp, 2 orcs and a kobold.

Vanquished Creatures
  3 leopard geckos
  2 orcs (D:3)
  4 bats (D:1)
  A goblin (D:1)
  2 hobgoblins
  5 jackals (D:1)
  3 kobolds (D:1)
  A quokka (D:3)
  A frilled lizard (D:1)
  3 rats (D:1)
25 creatures vanquished.

Vanquished Creatures (collateral kills)
  A leopard gecko (D:1)
  A rat (D:1)
2 creatures vanquished.

Grand Total: 27 creatures vanquished

Notes
Turn   | Place    | Note
-------+----------+-------------------------------------------
     0 | D:1      | Lionyx the Demonspawn Necromancer began the quest for the Orb.
     0 | D:1      | Reached XP level 1. HP: 13/13 MP: 3/3
    31 | D:1      | Learned a level 1 spell: Animate Skeleton
   276 | D:1      | Gained mutation: You have sharp fingernails. [demonic ancestry]
   276 | D:1      | Reached XP level 2. HP: 8/19 MP: 1/5
  1199 | D:2      | Gained mutation: You sometimes gain a little power by taking damage. [demonic ancestry]
  1199 | D:2      | Reached XP level 3. HP: 9/24 MP: 3/6
  1230 | D:3      | Noticed Natasha
  1236 | D:3      | Reached skill level 5 in Necromancy
  1247 | D:3      | Slain by a kobold

Skill      XL: |  1  2  3 |
---------------+----------+-----
Dodging        | 2 |  2.0
Necromancy     | 5 |  5.0
Fighting       | |  0.2
Short Blades   | |  0.5
Stealth        | |  1.9
Spellcasting   | |  2.2

Action                   || total
-------------------------++-------
Melee: Dagger            ||    75
       Unarmed           ||     1
       Whip              ||    15
 Cast: Pain              ||    33
       Animate Skeleton  ||    11
  Use: Potion            ||     2
       Scroll            ||     1
  Eat: Chunk             ||     2
Armor: Robe              ||    26
Dodge: Dodged            ||   100
